 Dungeon Sprint DCSS version 0.19-a0-78-g674c7a4 (webtiles) character file.

63420 Kidiri the Unseen (level 13, -5/62 HPs)
             Began as a Spriggan Enchanter on May 14, 2016.
             Was the Champion of Dithmenos.
             Slain by an earth elemental (39 damage)
             ... summoned by a deep elf mage
             ... in the Dungeon (Sprint III: "The Ten Rune Challenge").
             The game lasted 00:18:32 (3629 turns).

Kidiri the Unseen (Spriggan Enchanter)              Turns: 3629, Time: 00:18:33

Health: -5/62      AC:  8    Str:  4    XL:     13   Next: 47%
Magic:  17/34      EV: 36    Int: 21    God:    Dithmenos [******]
Gold:   1686       SH:  0    Dex: 21    Spells: 8 memorised, 25 levels left

rFire  . . .     SeeInvis +     A - +2 dagger (pain)
rCold  . . .     Gourm    .     b - +1 robe
rNeg   . . .     Faith    .     (shield restricted)
rPois  .         Spirit   .     s - +1 hat
rElec  +         Dismiss  .     r - +2 cloak
rCorr  .         Reflect  .     (gloves unavailable)
SustAt .         Harm     .     (boots unavailable)
MR     +++..     NoTele   +     (no amulet)
Stlth  ++++++++++               (no ring)
                                (no ring)

@: wreathed by umbra, very quick, extremely resistant to hostile enchantments,
uncannily stealthy
A: unfitting armour, horns 1, talons 1, see invisible, agile 1, clever 1,
herbivore 3, speed 3, frail 1, magic resistance 1, sense surroundings 1,
electricity resistance, slow metabolism 2
a: Shadow Step, Shadow Form, Renounce Religion
}: 2/10 runes: serpentine, barnacled


You were in the Dungeon.
You worshipped Dithmenos.
Dithmenos was exalted by your worship.
You were very full.

You visited 1 branch You collected 1686 gold pieces.

Inventory:

Hand Weapons
 A - a +2 dagger of pain (weapon)
Missiles
 y - 10 throwing nets (quivered)
Armour
 b - a +1 robe (worn)
 r - a +2 cloak (worn)
 s - a +1 hat (worn)
Wands
 v - a wand of iceblast (8/15)
Scrolls
 j - a scroll of blinking
 l - a scroll of torment
 n - 2 scrolls of remove curse
 q - a scroll of holy word
Potions
 e - a potion of lignification {unknown}
 g - 3 potions of haste
 h - 2 potions of magic
 i - 3 potions of berserk rage
 o - 2 potions of cure mutation
 p - 3 potions of flight
 u - a potion of might
 w - a potion of ambrosia {unknown}
 z - a potion of mutation
Miscellaneous
 m - a plain deck of wonders
Comestibles
 d - 2 bread rations
 k - 25 royal jellies


   Skills:
 + Level 8.7 Fighting
 * Level 15.0 Short Blades
 + Level 7.8 Armour
 * Level 18.8 Dodging
 * Level 20.2 Stealth
 * Level 16.1 Spellcasting
 + Level 7.4 Conjurations
 + Level 12.1 Hexes
 - Level 5.3 Charms
 + Level 12.9 Translocations
 + Level 8.3 Ice Magic
 - Level 6.5 Invocations


You had 25 spell levels left.
You knew the following spells:

 Your Spells              Type           Power        Failure   Level  Hunger
a - Corona                Hex            ######.      1%          1    None
b - Ensorcelled Hibernat  Hex/Ice        ######       1%          2    None
c - Confuse               Hex            ######..     1%          3    None
d - Tukima's Dance        Hex            ######..     1%          3    None
e - Dazzling Spray        Conj/Hex       ######       1%          3    None
f - Apportation           Tloc           ######....   0%          1    None
g - Shroud of Golubria    Chrm/Tloc      ######....   1%          2    None
h - Passage of Golubria   Tloc           N/A          1%          4    None


Dungeon Overview and Level Annotations

Branches:
Dungeon (1/1)

Altars:
Cheibriados
Dithmenos
Elyvilon
Fedhas
Gozag
Kikubaaqudgha
Makhleb
Nemelex Xobeh
Okawaru
Pakellas
Qazlal
Ru
Sif Muna
Trog
Vehumet
Xom
Yredelemnul
Zin
The Shining One
Jiyva
Lugonu

Shops:
D ?}[?(=*

Annotations:
D exclusion: 2 doors


Innate Abilities, Weirdness & Mutations

You are tiny and cannot use many weapons and most armour.
You have supernaturally acute eyesight.
You are a herbivore.
You cover ground extremely quickly.
You need consume almost no food.
You have a pair of small horns on your head.
You have sharp toenails.
You are agile. (Dex +2)
Your mind is acute. (Int +2)
You are frail (-10% HP).
You are resistant to hostile enchantments.
You passively map a small area around you.
You are resistant to electric shocks.


Message History

The deep elf mage is lightly wounded.
Your shadow completely misses the deep elf mage.
The deep elf annihilator moves out of view.
The deep elf knight gestures at you while chanting.
The shard of ice misses you.
The shard of ice misses the deep elf mage.
You hit the deep elf mage.
You claw the deep elf mage, but do no damage.
The deep elf mage is lightly wounded.
Your shadow hits the deep elf mage but does no damage.
The deep elf mage misses you.
The deep elf knight shoots an arrow.
The arrow completely misses you.
The arrow hits the deep elf mage!
Unknown command.
You hit the deep elf mage.
You claw the deep elf mage, but do no damage.
The deep elf mage is severely wounded.
Your shadow hits the deep elf mage with a dagger.
The earth elemental hits you!!!
Ouch! That really hurt!
You die...

▓▓▓▓▓▓▓▓▓▓▓ ###.#..##...########
* # * __#..#∩####..'.#...#* ..
._#...[......#.#...##≈≈≈
+##.([)....###.#...≈≈≈. ,, , ,
..#..)))...#.#.#E).##≈
..#.#####....#(e@)e#* , , #'#..#
#....######## *
.)#'########################### *
.)#....#.#.#)....#......'...≈≈#,
..##.#))#.##.###.#......#...≈≈###
..'##.#.#.##.#).##......#...≈≈≈≈#
..#...#..#..##.)+.......#...≈≈≈≈#
▓▓▓▓▓▓▓▓▓▓▓▓▓▓▓▓#.......#.......#
≈≈.)......≈≈≈...#.......#.......#


You could see a deep elf knight, an earth elemental and a deep elf mage.

Vanquished Creatures
  Rupert (D)
  A kraken (D)
  Gastronok (D)
  A greater naga (D)
  Maud (D)
  2 dire elephants (D)
  Erolcha (D)
  A naga warrior (D)
  2 hydras (D)
  2 alligator snapping turtles (D)
  4 anacondas (D)
  4 death yaks (D)
  A deep elf knight (D)
  A death drake (D)
  A spriggan druid (D)
  A lindwurm (D)
  3 deep elf magi (D)
  2 orc knights (D)
  2 elephants (D)
  A guardian serpent (D)
  7 black mambas (D)
  2 spiny frogs (D)
  A rime drake (D)
  A komodo dragon (D)
  A queen bee (D)
  3 wandering mushrooms (D)
  2 giant leeches (D)
  8 blink frogs (D)
  4 snapping turtles (D)
  5 redbacks (D)
  2 spriggans (D)
  A shadow (D)
  2 nagas (D)
  2 hill giants (D)
  A spatial vortex (D)
  5 water moccasins (D)
  5 orc warriors (D)
  A swamp drake (D)
  A necrophage (D)
  2 two-headed ogres (D)
  A water elemental (D)
  A scorpion (D)
  31 killer bees (D)
  An electric eel (D)
  3 orc priests (D)
  A jelly (D)
  A necromancer (D)
  A wizard (D)
  3 humans (D)
  A kobold demonologist (D)
  3 adders (D)
  8 orcs (D)
  4 rats (D)
148 creatures vanquished.

Vanquished Creatures (collateral kills)
  A two-headed ogre (D)
1 creature vanquished.

Vanquished Creatures (others)
  2 draconian scorchers (D)
  2 yaktaurs (D)
  A killer bee (D)
  A plant (D)
  16 tentacles (D)
  84 tentacle segments (D)
106 creatures vanquished.

Grand Total: 255 creatures vanquished

Notes
Turn   | Place    | Note
--------------------------------------------------------------
     0 | D        | Kidiri the Spriggan Enchanter began the quest for the Orb.
     0 | D        | Reached XP level 1. HP: 9/9 MP: 5/5
    63 | D        | Noticed a scorpion
    66 | D        | Killed a scorpion
    66 | D        | Reached skill level 1 in Fighting
    66 | D        | Reached skill level 1 in Armour
    66 | D        | Reached skill level 5 in Dodging
    66 | D        | Reached skill level 6 in Stealth
    66 | D        | Reached XP level 2. HP: 14/14 MP: 6/8
    66 | D        | Reached XP level 3. HP: 18/18 MP: 6/9
    86 | D        | Learned a level 2 spell: Ensorcelled Hibernation
    90 | D        | Learned a level 3 spell: Confuse
    94 | D        | Learned a level 3 spell: Dazzling Spray
   168 | D        | Killed a yaktaur
   203 | D        | Killed a white draconian scorcher
   207 | D        | Killed a white draconian scorcher
   260 | D        | Gained mutation: You have sharp toenails. [potion of mutation]
   260 | D        | Gained mutation: You have a pair of small horns on your head. [potion of mutation]
   260 | D        | Gained mutation: You are resistant to electric shocks. [potion of mutation]
   261 | D        | Gained mutation: You are agile. (Dex +2) [potion of mutation]
   261 | D        | Gained mutation: You are resistant to hostile enchantments. [potion of mutation]
   261 | D        | Gained mutation: You are frail (-10% HP). [potion of mutation]
   262 | D        | Gained mutation: You passively map a small area around you. [potion of mutation]
   262 | D        | Gained mutation: Your mind is acute. (Int +2) [potion of mutation]
   269 | D        | Noticed a water elemental
   272 | D        | Killed a water elemental
   272 | D        | Reached skill level 7 in Stealth
   272 | D        | Reached skill level 5 in Spellcasting
   272 | D        | Reached skill level 1 in Conjurations
   272 | D        | Reached skill level 1 in Ice Magic
   272 | D        | Reached XP level 4. HP: 20/20 MP: 12/12
   285 | D        | Learned a level 3 spell: Tukima's Dance
   286 | D        | Noticed a shadow
   288 | D        | Killed a shadow
   288 | D        | Reached skill level 5 in Short Blades
   288 | D        | Reached skill level 9 in Stealth
   288 | D        | Reached skill level 5 in Hexes
   288 | D        | Reached XP level 5. HP: 25/25 MP: 13/15
   288 | D        | Reached XP level 6. HP: 28/28 MP: 13/16
   311 | D        | Found an oddly glowing altar of Pakellas.
   311 | D        | Found a stormy altar of Qazlal.
   312 | D        | Noticed a spatial vortex
   312 | D        | Found a sacrificial altar of Ru.
   312 | D        | Found a burning altar of Makhleb.
   312 | D        | Found a viscous altar of Jiyva.
   312 | D        | Found a shimmering altar of Xom.
   312 | D        | Found a shadowy altar of Dithmenos.
   312 | D        | Found a sparkling altar of Nemelex Xobeh.
   312 | D        | Found a corrupted altar of Lugonu.
   312 | D        | Found an opulent altar of Gozag.
   316 | D        | Became a worshipper of Dithmenos the Shadowed
   324 | D        | Killed a spatial vortex
   324 | D        | Reached skill level 1 in Invocations
   435 | D        | Found a radiant altar of Vehumet.
   436 | D        | Found a deep blue altar of Sif Muna.
   436 | D        | Found an ancient bone altar of Kikubaaqudgha.
   437 | D        | Noticed a red devil
   449 | D        | Noticed a sun demon
   547 | D        | Learned a level 2 spell: Shroud of Golubria
   552 | D        | Learned a level 4 spell: Passage of Golubria
   554 | D        | Learned a level 1 spell: Apportation
   701 | D        | Found a glowing silver altar of Zin.
   702 | D        | Found a glowing golden altar of the Shining One.
   702 | D        | Found a white marble altar of Elyvilon.
   702 | D        | Noticed a deep elf mage
   712 | D        | Killed a deep elf mage
   712 | D        | Reached * piety under Dithmenos
   712 | D        | Reached skill level 11 in Stealth
   712 | D        | Reached XP level 7. HP: 33/33 MP: 11/19
   764 | D        | Found an iron altar of Okawaru.
   765 | D        | Found a bloodstained altar of Trog.
   765 | D        | Noticed a human
   765 | D        | Noticed a human
   767 | D        | Killed a human
   767 | D        | Reached skill level 10 in Dodging
   767 | D        | Reached XP level 8. HP: 37/37 MP: 19/21
   783 | D        | Found a snail-covered altar of Cheibriados.
   784 | D        | Found a basalt altar of Yredelemnul.
   784 | D        | Found a blossoming altar of Fedhas.
   785 | D        | Reached ** piety under Dithmenos
   840 | D        | Reached *** piety under Dithmenos
  1006 | D        | Noticed Erolcha
  1008 | D        | Killed Erolcha
  1008 | D        | Reached skill level 12 in Stealth
  1008 | D        | Reached skill level 5 in Charms
  1008 | D        | Reached skill level 5 in Translocations
  1008 | D        | Reached XP level 9. HP: 41/41 MP: 23/23
  1086 | D        | Reached skill level 10 in Spellcasting
  1096 | D        | Reached **** piety under Dithmenos
  1096 | D        | Reached skill level 13 in Stealth
  1186 | D        | Noticed a queen bee
  1202 | D        | Reached ***** piety under Dithmenos
  1202 | D        | Reached skill level 5 in Fighting
  1231 | D        | Killed a queen bee
  1285 | D        | Reached ****** piety under Dithmenos
  1394 | D        | Reached XP level 10. HP: 45/45 MP: 9/25
  1543 | D        | Reached skill level 5 in Invocations
  1546 | D        | Reached skill level 10 in Short Blades
  1678 | D        | Reached skill level 14 in Stealth
  1682 | D        | Reached skill level 5 in Ice Magic
  1852 | D        | Noticed a spiny frog
  1852 | D        | Noticed a spiny frog
  1855 | D        | Killed a spiny frog
  1857 | D        | Killed a spiny frog
  1879 | D        | Reached skill level 5 in Armour
  1953 | D        | Noticed a lindwurm
  1956 | D        | Killed a lindwurm
  1958 | D        | Reached skill level 15 in Stealth
  1965 | D        | Noticed Maud
  1967 | D        | Killed Maud
  1967 | D        | Reached skill level 5 in Conjurations
  1967 | D        | Reached XP level 11. HP: 50/50 MP: 26/28
  1980 | D        | Noticed a five-headed hydra
  1980 | D        | Noticed a six-headed hydra
  1983 | D        | Killed a five-headed hydra
  1984 | D        | Killed a six-headed hydra
  2022 | D        | Noticed a death drake
  2024 | D        | Killed a death drake
  2024 | D        | Reached skill level 16 in Stealth
  2034 | D        | Found a blossoming altar of Fedhas.
  2036 | D        | Noticed a spriggan druid
  2045 | D        | Killed a spriggan druid
  2152 | D        | Noticed an anaconda
  2154 | D        | Killed an anaconda
  2156 | D        | Reached skill level 15 in Dodging
  2177 | D        | Noticed an anaconda
  2177 | D        | Noticed an anaconda
  2177 | D        | Noticed an anaconda
  2183 | D        | Killed an anaconda
  2185 | D        | Killed an anaconda
  2185 | D        | Reached skill level 10 in Hexes
  2185 | D        | Reached skill level 10 in Translocations
  2187 | D        | Killed an anaconda
  2187 | D        | Reached skill level 17 in Stealth
  2268 | D        | Reached XP level 12. HP: 56/56 MP: 27/30
  2284 | D        | Noticed a naga warrior
  2284 | D        | Noticed a greater naga
  2284 | D        | Found Xunwofem's Magic Scroll Shop.
  2284 | D        | Found Toroux's Antique Weapon Shoppe.
  2286 | D        | Found Tewifoam's Jewellery Boutique.
  2287 | D        | Killed a naga warrior
  2288 | D        | Killed a greater naga
  2305 | D        | Got a serpentine rune of Zot
  2450 | D        | Reached skill level 18 in Stealth
  2529 | D        | Noticed Rupert
  2533 | D        | Noticed an azure jelly
  2533 | D        | Noticed an azure jelly
  2533 | D        | Noticed an azure jelly
  2533 | D        | Noticed an azure jelly
  2569 | D        | Killed Rupert
  2615 | D        | Noticed a death yak
  2616 | D        | Noticed a death yak
  2617 | D        | Noticed a death yak
  2617 | D        | Noticed a death yak
  2618 | D        | Killed a death yak
  2619 | D        | Killed a death yak
  2631 | D        | Killed a death yak
  2639 | D        | Killed a death yak
  2804 | D        | Reached skill level 15 in Spellcasting
  2880 | D        | Noticed a kraken
  3145 | D        | Killed a kraken
  3145 | D        | Reached skill level 19 in Stealth
  3145 | D        | Reached XP level 13. HP: 61/61 MP: 30/33
  3241 | D        | Found Emuudox's Magic Scroll Shoppe.
  3241 | D        | Found Kehyghy's Gadget Boutique.
  3241 | D        | Found Cech's Antique Armour Shop.
  3256 | D        | Got a barnacled rune of Zot
  3309 | D        | Noticed a dire elephant
  3309 | D        | Noticed a dire elephant
  3309 | D        | Noticed Gastronok
  3311 | D        | Killed Gastronok
  3312 | D        | Killed a dire elephant
  3314 | D        | Killed a dire elephant
  3420 | D        | Found Waicaw's Assorted Antiques.
  3439 | D        | Reached skill level 20 in Stealth
  3618 | D        | Noticed a deep elf annihilator
  3625 | D        | Reached skill level 15 in Short Blades
  3627 | D        | Noticed a deep elf annihilator
  3629 | D        | Slain by an earth elemental

Vault maps used:
D:        dungeon_sprint_mu

Skill      XL: |  1  2  3  4  5  6  7  8  9 10 11 12 13 |
---------------+----------------------------------------+-----
Fighting       | 1 2 3 4 5 6 7 8 |  8.7
Short Blades   | 3 4 5 7 8 9 11 12 14 15 | 15.0
Armour         | 1 2 3 4 5 6 7 |  7.8
Dodging        | 5 6 7 9 10 11 12 14 15 17 18 | 18.8
Stealth        | 6 7 9 11 12 13 15 17 19 20 | 20.2
Spellcasting   | 4 5 6 8 9 10 12 13 15 16 | 16.1
Hexes          | 4 5 6 7 8 9 10 11 12 | 12.1
Conjurations   | 1 2 3 4 5 6 7 |  7.4
Ice Magic      | 1 2 3 4 5 6 7 8 |  8.3
Invocations    | 2 3 4 6 |  6.5
Charms         | 2 3 5 |  5.3
Translocations | 2 3 5 6 8 10 12 | 12.9

Action                   |  1- 3 |  4- 6 |  7- 9 | 10-12 | 13-15 || total
-------------------------+-------+-------+-------+-------+-------++-------
Melee: Dagger            |    10 |    15 |   103 |    80 |    29 ||   237
       Kick              |       |     3 |    21 |     4 |     7 ||    35
       Headbutt          |       |     2 |    11 |     4 |     2 ||    19
 Cast: Dazzling Spray    |     1 |    10 |     4 |    24 |    15 ||    54
       Ensorcelled Hiber |     1 |       |     9 |    30 |     7 ||    47
       Tukima's Dance    |       |     1 |     7 |       |       ||     8
       Confuse           |       |     1 |     6 |       |       ||     7
       Shroud of Golubri |       |       |     2 |     1 |     1 ||     4
Invok: Shadow Step       |       |       |       |    12 |     1 ||    13
  Use: Potion            |     3 |     2 |     2 |       |       ||     7
       Scroll            |     3 |       |       |       |       ||     3
 Stab: Sleeping          |     5 |     2 |    14 |    56 |    13 ||    90
       Confused          |       |     2 |     6 |       |       ||     8
       Invisible         |       |     2 |     2 |     8 |     5 ||    17
       Distracted        |       |       |     1 |       |       ||     1
  Eat: Fruit             |       |       |       |     8 |       ||     8
Armor: Robe              |       |     1 |     1 |     1 |     1 ||     4
Dodge: Dodged            |     4 |    36 |   177 |    55 |    31 ||   303
